 Dungeon Crawl Stone Soup version 0.18.1-48-g4cf74bf (webtiles) character file.

21 Mesmaeker13 the Poker (level 2, 0/34 HPs)
             Began as a Demonspawn Gladiator on Aug 19, 2016.
             Succumbed to an adder's poison
             ... on level 2 of the Dungeon.
             The game lasted 00:01:23 (763 turns).

Mesmaeker13 the Poker (Demonspawn Gladiator)         Turns: 763, Time: 00:01:23

Health: 0/34       AC:  3    Str: 20    XL:     2   Next: 65%
Magic:  2/2        EV:  9    Int:  9    God:
Gold:   109        SH:  8    Dex: 13    Spells: 0 memorised, 1 level left

rFire  . . .     SeeInvis .     a - +0 trident
rCold  . . .     Gourm    .     b - +0 leather armour
rNeg   . . .     Faith    .     e - +0 shield
rPois  .         Spirit   .     (helmet restricted)
rElec  .         Dismiss  .     (no cloak)
rCorr  .         Reflect  .     (no gloves)
SustAt .         Harm     .     (no boots)
MR     .....                    (no amulet)
Stlth  ..........               (no ring)
                                (no ring)

@: berserking, lethally poisoned (0 -> -10), very quick, not resistant to
hostile enchantments, extremely unstealthy
A: horns 1
a: no special abilities


You were on level 2 of the Dungeon.
You were not hungry.

You visited 1 branch of the dungeon, and saw 2 of its levels.

You collected 109 gold pieces.

Inventory:

Hand Weapons
 a - a +0 trident (weapon)
Missiles
 d - 3 throwing nets (quivered)
Armour
 b - a +0 leather armour (worn)
 c - a +0 helmet
 e - a +0 shield (worn)
 i - a +1 robe of cold resistance
Jewellery
 o - a +3 ring of protection {unknown}
Scrolls
 g - a scroll of enchant weapon {unknown}
 h - a scroll of remove curse {unknown}
 l - a scroll of enchant armour {unknown}
 n - a scroll of identify {unknown}
Potions
 k - a potion of berserk rage
 m - a potion of curing {unknown}
Miscellaneous
 j - a plain deck of summoning
Comestibles
 f - a bread ration


   Skills:
 + Level 2.4 Fighting
 + Level 2.9 Polearms
 - Level 1.8 Throwing
 - Level 2.6 Dodging
 + Level 1.1 Shields


You had one spell level left.
You didn't know any spells.

Dungeon Overview and Level Annotations

Branches:
Dungeon (2/15)

Altars:
Nemelex Xobeh


Innate Abilities, Weirdness & Mutations

You have a pair of small horns on your head.


Message History

The bat completely misses you. The adder barely misses you.
You barely miss the adder.
You feel sick. You block the adder's attack.
You hit the adder.
The adder is severely wounded.
The adder bites you.
You are lethally poisoned!
The adder poisons you! The adder barely misses you.
You closely miss the adder.
The adder is severely wounded.
You feel sick. The adder bites you.
* * * LOW HITPOINT WARNING * * *
The adder bites you.
* * * LOW HITPOINT WARNING * * *
You are more poisoned.
The adder poisons you!
Drink which item? (? for menu, Esc to quit)
It was a potion of berserk rage.
A red film seems to cover your vision as you go berserk!
You feel yourself moving faster!
You feel mighty!
You die...

+...........(...>#
###........####.#
#........# #.#
#.###.#### #.##.
#.# #.# #.##.
#.###.# #.##.
#..##.# #.##.
#########.##.#
#.##.
.......@Sb...#
#.##.
....######.#.#
#.##. .
..........# #.##.
...####...# #....
#..... #####
....### #. #?#.#
#. #$#.# #. ..#.#
#


You could see an adder and a bat.

Vanquished Creatures
  A giant gecko (D:1)
  2 bats
  A giant cockroach (D:1)
  2 goblins (D:1)
  4 hobgoblins (D:1)
  A ball python (D:1)
  A giant newt (D:1)
  3 kobolds (D:1)
  6 rats (D:1)
21 creatures vanquished.

Notes
Turn   | Place    | Note
--------------------------------------------------------------
     0 | D:1      | Mesmaeker13 the Demonspawn Gladiator began the quest for the Orb.
     0 | D:1      | Reached XP level 1. HP: 16/16 MP: 1/1
   181 | D:1      | Reached skill level 1 in Shields
   209 | D:1      | Gained mutation: You have a pair of small horns on your head. [demonic ancestry]
   209 | D:1      | Reached XP level 2. HP: 16/22 MP: 2/2
   366 | D:1      | Found a sparkling altar of Nemelex Xobeh.
   762 | D:2      | HP: 1/23 [adder (3)]
   763 | D:2      | Succumbed to an adder's poison

Skill      XL: |  1 |
---------------+----+-----
Shields        | 1 |  1.1
Fighting       | |  2.4
Polearms       | |  2.9
Throwing       | |  1.8
Dodging        | |  2.6

Action                   || total
-------------------------++-------
Melee: Trident           ||    70
       Headbutt          ||     3
  Use: Potion            ||     1
 Stab: Sleeping          ||     1
Armor: Leather armour    ||    12
Dodge: Dodged            ||    28
Block: Shield            ||    20
